 Dungeon Crawl Stone Soup version 0.21.1-1-g345015f (webtiles) character file.

30 letownia2 the Poker (level 3, -1/27 HPs)
             Began as a Merfolk Skald on Mar 11, 2018.
             Slain by an orc
             ... wielding a +0 mace
              (7 damage)
             ... on level 2 of the Dungeon.
             The game lasted 00:03:20 (536 turns).

letownia2 the Poker (Merfolk Skald)                  Turns: 536, Time: 00:03:21

Health: -1/27      AC:  3    Str: 11    XL:     3   Next: 20%
Magic:  1/6        EV: 13    Int: 13    God:
Gold:   38         SH:  0    Dex: 18    Spells: 3/6 levels left

rFire    . . .     SeeInvis .   a - +0 spear
rCold    . . .     Gourm    .   (no shield)
rNeg     . . .     Faith    .   b - +0 leather armour
rPois    .         Spirit   .   (no helmet)
rElec    .         Reflect  .   (no cloak)
rCorr    .         Harm     .   (no gloves)
MR       .....                  (no boots)
Stlth    +.........             (no amulet)
HPRegen  0.09/turn              f - +5 ring of dexterity
MPRegen  0.10/turn              (no ring)

@: shrouded
A: change form in water, swift swim, stealthy swim
a: no special abilities


You were on level 2 of the Dungeon.
You were not hungry.

You visited 1 branch of the dungeon, and saw 3 of its levels.

You collected 38 gold pieces.

Inventory:

Hand Weapons
 a - a +0 spear (weapon)
Armour
 b - a +0 leather armour (worn)
Jewellery
 f - a +5 ring of dexterity (left hand)
Scrolls
 h - a scroll of remove curse {unknown}
 i - a scroll of enchant armour {unknown}
 j - a scroll of magic mapping {unknown}
Potions
 e - a potion of curing {unknown}
 g - a potion of mutation {unknown}
Books
 c - a book of Battle

   Spells                             Type                      Level
   a - Infusion                       Charms                       1
   b - Shroud of Golubria             Charms/Translocation         2
   c - Song of Slaying                Charms                       2
   d - Spectral Weapon                Hexes/Charms                 3
   e - Regeneration                   Charms/Necromancy            3
Comestibles
 d - 2 rations


   Skills:
 - Level 2.1 Fighting
 + Level 4.7 Polearms
 - Level 0.6 Armour
 - Level 2.6 Dodging
 - Level 2.0 Spellcasting
 - Level 3.2 Charms
 + Level 1.0 Translocations


You had 3 spell levels left.
You knew the following spells:

 Your Spells              Type           Power        Failure   Level  Hunger
a - Infusion              Chrm           #...         9%          1    ##.....
t - Shroud of Golubria    Chrm/Tloc      #.........   21%         2    ###....


Dungeon Overview and Level Annotations

Branches:
Dungeon (3/15)

Altars:


Message History

There is a stone staircase leading up here.
The orc hits you with a mace!
* * * LOW HITPOINT WARNING * * *
You climb upwards.
There is a stone staircase leading down here.
Unknown command.
Casting: Infusion
Confirm with . or Enter, or press ? or * to list all spells.
Space distorts slightly along a thin shroud covering your body.
The orc misses you.
Unknown command.
You hit the orc.
The orc is lightly wounded.
You hit the orc.
The orc is moderately wounded.
The orc misses you.
You hit the orc but do no damage.
The orc is moderately wounded.
The orc hits you with a mace!
You die...

.....###..........##......# ##
.....+.........(..##......# ..
.....##...........##......# .#
.....##...........##......# .#
...........#......##......# .#
......#.#..#......##......##.#
......#.#.)#...<..##......'..#
......#.##.#......##......##.#
................@.........# .#
......#.##..#..o...รท)....##
.# ......#.##....##.##.###..#
.# ........##.#..##.##.#.#..#
.# ...........#..##.##.#....#
#.# ...#....................##
#.# ...#.....#.##..#.##...#.#
#.# .###.....#.##..#.##.#.#.#
#.# #
.+.........###...##'#.#.# #.#
#


You could see an orc.

Vanquished Creatures
  An adder (D:2)
  A worm (D:2)
  A dart slug (D:3)
  A leopard gecko (D:3)
  An orc (D:3)
  A goblin (D:3)
  2 hobgoblins
  2 quokkas
  2 bats (D:2)
  4 rats
16 creatures vanquished.

Notes
Turn   | Place    | Note
-------+----------+-------------------------------------------
     0 | D:1      | letownia2 the Merfolk Skald began the quest for the Orb.
     0 | D:1      | Reached XP level 1. HP: 16/16 MP: 3/3
   202 | D:2      | Reached skill level 4 in Polearms
   202 | D:2      | Reached XP level 2. HP: 9/22 MP: 0/5
   212 | D:2      | Learned a level 2 spell: Shroud of Golubria
   297 | D:3      | HP: 1/22 [hobgoblin/club (3)]
   462 | D:3      | Reached XP level 3. HP: 15/27 MP: 4/6
   505 | D:3      | Reached skill level 1 in Translocations
   536 | D:2      | Slain by an orc

Skill      XL: |  1  2  3 |
---------------+----------+-----
Polearms       | 4 |  4.7
Translocations | 1 |  1.0
Fighting       | |  2.1
Armour         | |  0.6
Dodging        | |  2.6
Spellcasting   | |  2.0
Charms         | |  3.2

Action                   || total
-------------------------++-------
Melee: Spear             ||    67
 Cast: Infusion          ||     4
       Shroud of Golubri ||     8
 Stab: Sleeping          ||     2
Armor: Leather armour    ||     2
Dodge: Dodged            ||    32
